 Dungeon Crawl Stone Soup version 0.26-a0-667-g92642533e4 (webtiles) character file.

Game seed: 16451717629835380503

116 lunkers the Chopper (level 5, -2/37 HPs)
             Began as an Octopode Fighter on Oct 16, 2020.
             Was an Initiate of Ru.
             Slain by an orc priest
             ... wielding a cursed -3 whip
              (4 damage)
             ... on level 3 of the Dungeon.
             The game lasted 00:03:23 (2580 turns).

lunkers the Chopper (Octopode Fighter)              Turns: 2580, Time: 00:03:24

Health: -2/37      AC:  1    Str: 15    XL:     5   Next: 1%
Magic:  5/5        EV: 11    Int: 12    God:    Ru [......]
Gold:   175        SH:  9    Dex: 11    Spells: 4/4 levels left

rFire    . . .     SeeInvis .   a - +0 war axe
rCold    . . .     Faith    .   b - +0 kite shield
rNeg     . . .     Spirit   .   (helmet restricted)
rPois    .         Reflect  .   (no amulet)
rElec    .         Harm     .   (no ring)
rCorr    .         Rampage  .   (no ring)
MR       .....                  (no ring)
Stlth    ++........             (no ring)
HPRegen  0.12/turn              (no ring)
MPRegen  0.09/turn              (no ring)
                                (no ring)
                                (no ring)

@: mighty
A: almost no armour, stealthy swim, amphibious, 8 rings, constrict 8, camouflage
1, gelatinous body 1
a: Renounce Religion


You were on level 3 of the Dungeon.
You worshipped Ru.
Ru was noncommittal.
You visited 1 branch of the dungeon, and saw 3 of its levels.

You collected 175 gold pieces.

Inventory:

Hand Weapons
 a - a +0 war axe (weapon)
Missiles
 f - 5 curare-tipped darts {=f}
Armour
 b - a +0 kite shield (worn)
Scrolls
 d - a scroll of remove curse {unknown}
 e - a scroll of magic mapping {unknown}
 h - 5 scrolls of identify {unknown}
 i - a scroll of enchant weapon {unknown}
 j - a scroll of fog {unknown}
 k - a scroll of amnesia {unknown}
 n - a scroll of enchant armour {unknown}
 o - a scroll of teleportation {unknown}
 t - a scroll of immolation {unknown}
Potions
 c - a potion of might
 g - 2 potions of heal wounds {unknown}
 l - a potion of cancellation {unknown}
 m - a potion of magic {unknown}
 p - a potion of haste {unknown}
 q - a potion of lignification {unknown}
 r - 2 potions of curing {unknown}
 s - a potion of invisibility {unknown}


   Skills:
 + Level 3.7 Fighting
 * Level 3.8 Axes
 - Level 3.0 Dodging
 + Level 3.7 Shields


You had 4 spell levels left.
You didn't know any spells.
Your spell library was empty.

Dungeon Overview and Level Annotations

Branches:
Dungeon (3/15)

Altars:
Ashenzari
Elyvilon
Nemelex Xobeh
Ru
Trog


Innate Abilities, Weirdness & Mutations

You cannot wear most types of armour.
You are very stealthy in the water. (Stealth+)
You are amphibious.
You can wear up to eight rings at the same time.
You can use your tentacles to constrict eight enemies at once.
Your skin changes colour to match your surroundings (Stealth+).
Your rubbery body absorbs attacks. (AC +1, EV +1)


Message History

You have reached level 5!
You feel clever.
The orc throws a boomerang.
You block the boomerang.
The weapon returns to the orc!
The orc priest mumbles some strange prayers to Beogh against you.
Beogh smites you!
* * * LOW HITPOINT WARNING * * *
You aren't carrying any items that you can evoke.
Unknown command.
You feel very mighty all of a sudden.
The orc priest hits you with a cursed -3 whip.
* * * LOW HITPOINT WARNING * * *
The leopard gecko bites you.
* * * LOW HITPOINT WARNING * * *
You hit the orc priest. Your grab misses the orc priest.
Your squeeze misses the orc priest.
The orc priest is moderately wounded.
You miss the leopard gecko.
The orc priest hits you with a cursed -3 whip.
You die...

#.. #... #.#
#.... ###.#
.....
...#......
##..#......
#.#...#......
#>....l......
#@or.....
#.#.g.... #.#
..... #.#
o... #.## ...
#..## ..
##..## .
#####..##
#.......##


You could see an orc priest, an orc, a leopard gecko, a hobgoblin and a rat.

Vanquished Creatures
  An orc wizard (D:3)
  An adder (D:3)
  A worm (D:2)
  2 dart slugs
  A leopard gecko (D:1)
  8 orcs
  2 giant cockroaches
  6 goblins
  7 hobgoblins
  A quokka (D:3)
  5 bats
  10 frilled lizards
  8 kobolds
  11 rats
64 creatures vanquished.

Vanquished Creatures (others)
  9 plants (D:1)
  4 toadstools (D:1)
13 creatures vanquished.

Grand Total: 77 creatures vanquished

Notes
Turn   | Place    | Note
-------+----------+-------------------------------------------
     0 | D:1      | lunkers the Octopode Fighter began the quest for the Orb.
     0 | D:1      | Reached XP level 1. HP: 16/16 MP: 1/1
   172 | D:1      | Reached XP level 2. HP: 21/21 MP: 2/2
   529 | D:1      | Reached XP level 3. HP: 21/26 MP: 3/3
   983 | D:2      | Found a bloodstained altar of Trog.
  1245 | D:2      | Found a sacrificial altar of Ru.
  1262 | D:2      | Became a worshipper of Ru the Awakened
  1692 | D:2      | Found a faded altar of an unknown god.
  1780 | D:3      | Found a sparkling altar of Nemelex Xobeh.
  1810 | D:3      | Reached XP level 4. HP: 26/31 MP: 4/4
  2343 | D:3      | Found a broken altar of Ashenzari.
  2526 | D:3      | Found a white marble altar of Elyvilon.
  2578 | D:3      | Reached XP level 5. HP: 21/37 MP: 5/5
  2580 | D:3      | Slain by an orc priest

Illustrated notes

Levels and vault maps discovered:
D:1:      ldierk_walled_garden_2, layout_basic, hangedman_glass_teeth,
          corexii_item_surrounded_by_moat, minmay_lizard_king
D:2:      layout_loops_ring, old_standard_altar, nicolae_overflow_crystal_walls,
          chequers_ecumenical_altar_grove, minmay_box_of_dots
D:3:      kennysheep_big_flooded_room, layout_basic, elyvilon_altar_1,
          cheibrodos_ashenzari_chains, nemelex_altar_shiori,
          hangedman_decor_peaks_small, uniq_robin, uniq_purgy

Skill      XL: |  1  2  3 |
---------------+----------+-----
Axes           | 3 |  3.8
Fighting       | |  3.7
Dodging        | |  3.0
Shields        | |  3.7

Action                   |  1- 3 |  4- 6 || total
-------------------------+-------+-------++-------
Melee: War axe           |    76 |    29 ||   105
       Constrict         |    19 |     7 ||    26
       Tentacles         |    12 |     9 ||    21
  Use: Potion            |       |     1 ||     1
 Stab: Sleeping          |    10 |     2 ||    12
Armor: Skin              |     5 |     1 ||     6
Dodge: Dodged            |    32 |    13 ||    45
Block: Kite shield       |    29 |    12 ||    41

Table legend: (Time is in decaauts)
 A = Elapsed time spent in this place.
 B = Non-inter-level travel time spent in this place.
 C = Inter-level travel time spent in this place.
 D = Time resting spent in this place.
 E = Time spent auto-exploring this place.
 F = Levels seen in this place.
 G = Mean time per level.
                   A        B        C        D        E       F      G
               +--------+--------+--------+--------+--------+-----+--------+
         Total |   2626 |   2569 |     57 |    505 |   1681 |   3 |  875.3 |
       Dungeon |   2626 |   2569 |     57 |    505 |   1681 |   3 |  875.3 |
               +--------+--------+--------+--------+--------+-----+--------+

Top non-repeatable levels by time:
     D:2: 1154 daAuts
     D:1: 998 daAuts
     D:3: 474 daAuts
